AoeStats
← Yorshka

Arabia

507665803Analyzed
1v1 RM · 14d ago on Sep 19, 2026· 40m 11s· 2 players
Game mode
Random Map
Map size
Tiny (2 player)
Population
200
Speed
Normal
Resources
Standard
Victory
Conquest
Starting age
Dark Age
Ending age
Imperial Age
RankedLock teamsTeams togetherTeam positionsShared explorationLock speedFull tech treeHidden civsTurbo modeCheats
Victory
Defeat
🇨🇳 Vikings · China
1987
+17
🇻🇳 Cumans · Vietnam
1999
-17
Yorshka
6:39 Loom
9:14 Feudal Age
10:14 Double-Bit Axe
11:06 Town Watch
10:56 Man-at-Arms
15:41 Fletching
20:35 Castle Age
19:45 Horse Collar
20:06 Padded Archer Armor
20:38 Crossbowman
21:15 Bodkin Arrow
24:06 Bow Saw
26:42 Heavy Plow
27:01 Town Watch
34:51 Imperial Age
32:19 Gold Mining
33:18 Pikeman
34:01 Scale Mail Armor
34:43 Forging
34:41 Squires
34:57 Chain Mail Armor
35:27 Ballistics
35:44 Bracer
36:52 Chemistry
35:29 Long Swordsman
36:39 Chain Mail Armor
35:51 Arbalester
36:34 Gambesons
36:10 Two-Handed Swordsman
38:28 Plate Mail Armor
38:49 Iron Casting
38:40 Masonry
38:42 Champion
39:18 Capped Ram
Attila Empires
6:18 Loom
8:43 Feudal Age
9:25 Double-Bit Axe
9:23 Horse Collar
18:45 Fletching
19:33 Wheelbarrow
23:09 Castle Age
21:54 Padded Archer Armor
23:12 Elite Skirmisher
23:48 Bodkin Arrow
26:17 Heavy Plow
27:52 Scale Barding Armor
33:10 Imperial Age
32:15 Bloodlines
31:51 Light Cavalry
32:52 Hand Cart
33:20 Cavalier
35:25 Chain Barding Armor
36:42 Plate Barding Armor
38:35 Chemistry
38:00 Ballistics
38:41 Chemistry
39:54 Paladin
40:46 Forging
Connection lost

Rejoining the realm…

Still unreachable

The connection could not be restored.

Session expired

The server has moved on; the page needs a fresh start.